 Dungeon Crawl Stone Soup version 0.13-a0-2907-g70ca29e (webtiles) character file.

2758 PolkaDot the Conjurer (level 9, -4/55 HPs)
             Began as a Vampire Wizard on Aug 31, 2013.
             Was a Priest of Vehumet.
             Slain by Grum
             ... wielding a -2,+0 halberd
              (21 damage)
             ... on Level 7 of the Dungeon.
             The game lasted 01:02:06 (7185 turns).

PolkaDot the Conjurer (Vampire Wizard)              Turns: 7185, Time: 01:02:06

HP  -4/55        AC  3     Str  6      XL: 9   Next: 26%
MP  12/28        EV 18     Int 23      God: Vehumet [***...]
Gold 294         SH  0     Dex 17      Spells:  6 memorised,  3 levels left

Res.Fire  : + . .   See Invis. : +   p - +2,+0 sabre (curse)
Res.Cold  : + . .   Warding    : .   a - +0 robe
Life Prot.: . . .   Conserve   : .   (no shield)
Res.Poison: +       Res.Corr.  : .   b - +0 wizard hat
Res.Elec. : +       Clarity    : .   f - +0 cloak
Sust.Abil.: . .     Spirit.Shd : .   (no gloves)
Res.Mut.  : .       Stasis     : .   (no boots)
Res.Rott. : .       Flight     : .   (no amulet)
Saprovore : . . .                    y - ring of teleport control
                                     k - ring of magical power

@: regenerating quickly, agile, somewhat resistant to hostile enchantments,
quite stealthy
A: bottle blood, fangs 3, see invisible, unbreathing
a: Bottle Blood, Renounce Religion, Evoke Teleport Control


You were on level 7 of the Dungeon.
You worshipped Vehumet.
Vehumet was greatly pleased with you.
You were full.

You visited 1 branch of the dungeon, and saw 7 of its levels.

You collected 338 gold pieces.
You spent 64 gold pieces at shops.

Inventory:

Hand weapons
 p - a cursed +2,+0 sabre (weapon)
Armour
 a - a +0 robe (worn)
 b - a +0 wizard hat (worn)
 f - a +0 cloak (worn)
Magical devices
 x - a wand of flame (3)
 F - a wand of polymorph (8) {unknown}
Scrolls
 d - a scroll of curse armour {unknown}
 g - 4 scrolls of teleportation {unknown}
 h - a scroll of identify {unknown}
 j - a scroll of enchant weapon I {unknown}
 m - 2 scrolls of random uselessness {unknown}
 n - a scroll of enchant armour {unknown}
 q - 2 scrolls of recharging {unknown}
 r - 6 scrolls of remove curse {unknown}
 t - 2 scrolls of magic mapping {unknown}
 u - 4 scrolls of curse jewellery {unknown}
 w - a scroll of noise {unknown}
 z - 4 scrolls of fog {unknown}
 G - a scroll of fear {unknown}
Jewellery
 k - a ring of magical power (left hand)
 y - a ring of teleport control (right hand)
 D - an uncursed ring of protection from fire {unknown}
Potions
 e - a potion of poison {unknown}
 i - a potion of restore abilities
 l - a potion of resistance
 o - 2 potions of might {unknown}
 s - a potion of heal wounds {unknown}
 v - 4 potions of brilliance
 A - 3 potions of blood
 B - a potion of agility
 C - a potion of speed {unknown}
Books
 c - a book of Minor Magic

   Spells                             Type                      Level
   *Magic Dart                        Conjuration                  1
   *Blink                             Translocation                2
   Call Imp                           Summoning                    2
   Repel Missiles                     Charms/Air                   2
   Slow                               Hexes                        2
   *Conjure Flame                     Conjuration/Fire             3
   Mephitic Cloud                     Conjuration/Poison/Air       3


   Skills:
 - Level 2.1 Dodging
 - Level 3.0 Stealth
 - Level 3.0 Spellcasting
 * Level 8.0 Conjurations
 + Level 5.0 Hexes
   Level 1.0 Summonings
 - Level 0.7 Translocations
 + Level 5.7 Ice Magic


You had 3 spell levels left.
You knew the following spells:

 Your Spells              Type           Power        Failure   Level  Hunger
a - Magic Dart            Conj           ####         1%          1    None
c - Freeze                Ice            ####         1%          1    None
d - Conjure Flame         Conj/Fire      ###.....     2%          3    ###....
q - Blink                 Tloc           N/A          17%         2    ##.....
s - Sting                 Conj/Pois      ###.         1%          1    None
z - Inner Flame           Hex/Fire       ###.....     4%          3    ###....


Dungeon Overview and Level Annotations

Branches:
Dungeon (7/27)             Temple (0/1) D:6
    Orc: D:6-11

Altars:
Vehumet

Shops:
D:5 !

Annotations:
D:7 Grum


Innate Abilities, Weirdness & Mutations

Your natural rate of healing is unusually fast.
You can bottle blood from corpses.
You have razor-sharp teeth.*
You have supernaturally acute eyesight.
You can survive without breathing.*


Message History

You freeze the wolf.
The wolf is heavily wounded.
The wolf closely misses you. The wolf bites you!
Drink which item? (? for menu, Esc to quit)
You feel better. The wolf bites you! Grum closely misses you.
The wolf misses you.
Drink which item? (? for menu, Esc to quit)
You feel more agile all of a sudden. Grum misses you.
The wolf completely misses you.
Drink which item? (? for menu, Esc to quit)
Okay, then.
Drink which item? (? for menu, Esc to quit)
You feel refreshed.
It was a potion of restore abilities.
The wolf barely misses you. Grum hits you from afar with a halberd.
The wolf completely misses you.
Drink which item? (? for menu, Esc to quit)
You feel protected.
It was a potion of resistance.
The wolf barely misses you. Grum hits you from afar with a halberd!
You die...

.#. . .... h..
#..... ....#
##.......
...(.##$.......
...g.........
##...........
##..h@........
##.............
##..............
##...............
##................
##................
##.................
##..................
##...............###


You could see Grum, a wolf and a hound (wandering).

Vanquished Creatures
  The ghost of saturine the Cutter, an average HuCK of Xom (D:4)
  Eustachio (D:5)
  Edmund (D:4)
  Menkaure (D:4)
  2 ice beasts
  An ogre (D:6)
  2 centaurs (D:6)
  3 phantoms
  A sky beast (D:6)
  The ghost of saturine the Firebug, an average DjFE (D:3)
  A gnoll sergeant (D:7)
  A hippogriff skeleton (D:6)
  A gnoll shaman (D:7)
  2 jellies
  A crimson imp (D:6)
  3 orc priests
  A giant frog zombie (D:6)
  A hound (D:7)
  An iguana (D:5)
  7 orc wizards
  A scorpion (D:4)
  2 worker ants (D:6)
  13 gnolls
  11 adders
  3 worms
  A goliath beetle zombie (D:6)
  A giant eyeball (D:4)
  5 giant geckos
  3 oozes
  22 orcs
  12 bats
  A bat skeleton (D:4)
  7 giant cockroaches
  8 hobgoblins
  11 jackals
  10 kobolds
  4 quokkas
  5 giant newts
  12 goblins
  2 quokka zombies
  11 rats
178 creatures vanquished.

Vanquished Creatures (others)
  2 orcs (D:3)
  A giant newt (D:2)
3 creatures vanquished.

Grand Total: 181 creatures vanquished

Notes
Turn   | Place    | Note
--------------------------------------------------------------
     0 | D:1      | PolkaDot, the Vampire Wizard, began the quest for the Orb.
     0 | D:1      | Reached XP level 1. HP: 11/11 MP: 6/6
   100 | D:1      | Reached skill level 1 in Conjurations
   446 | D:1      | Reached XP level 2. HP: 17/17 MP: 1/8
  1203 | D:1      | Reached XP level 3. HP: 22/22 MP: 10/10
  1723 | D:2      | Learned a level 3 spell: Conjure Flame
  1792 | D:2      | Reached XP level 4. HP: 28/28 MP: 12/12
  1806 | D:2      | Found a radiant altar of Vehumet.
  1824 | D:2      | Became a worshipper of Vehumet
  2181 | D:3      | Noticed saturine's ghost (average DjFE)
  2323 | D:3      | Reached XP level 5. HP: 3/33 MP: 5/13
  2624 | D:3      | Acquired Vehumet's first power
  2624 | D:3      | Offered knowledge of Freeze by Vehumet.
  2636 | D:3      | Reached skill level 4 in Conjurations
  2892 | D:3      | Learned a level 1 spell: Freeze
  3058 | D:3      | Killed saturine's ghost
  3058 | D:3      | Reached skill level 1 in Ice Magic
  3058 | D:3      | Reached XP level 6. HP: 22/39 MP: 15/15
  3468 | D:4      | Noticed Menkaure
  3680 | D:4      | Killed Menkaure
  3680 | D:4      | Reached skill level 5 in Conjurations
  3761 | D:4      | Offered knowledge of Sting by Vehumet.
  3764 | D:4      | Learned a level 1 spell: Sting
  3841 | D:4      | Reached XP level 7. HP: 44/44 MP: 17/17
  3983 | D:4      | Noticed saturine's ghost (average HuCK)
  4092 | D:4      | Killed saturine's ghost
  4136 | D:4      | Noticed Edmund
  4174 | D:4      | Killed Edmund
  4174 | D:4      | Reached skill level 6 in Conjurations
  4385 | D:5      | Entered Level 5 of the Dungeon
  4508 | D:5      | Reached XP level 8. HP: 50/50 MP: 15/18
  4827 | D:5      | Found Puidd's Distillery.
  4837 | D:5      | Bought a potion of agility for 32 gold pieces
  4837 | D:5      | Bought a potion of brilliance for 32 gold pieces
  4870 | D:5      | Noticed Eustachio
  4890 | D:5      | Killed Eustachio
  5047 | D:5      | Offered knowledge of Inner Flame by Vehumet.
  5052 | D:5      | Learned a level 3 spell: Inner Flame
  5429 | D:5      | Learned a level 2 spell: Blink
  5475 | D:6      | Reached skill level 7 in Conjurations
  5475 | D:6      | Reached skill level 1 in Hexes
  5822 | D:6      | Found a staircase to the Ecumenical Temple.
  6004 | D:6      | Reached skill level 5 in Ice Magic
  6052 | D:6      | Acquired Vehumet's second power
  6164 | D:6      | Reached XP level 9. HP: 28/55 MP: 10/19
  6833 | D:7      | Offered knowledge of Throw Icicle by Vehumet.
  6987 | D:7      | Reached skill level 8 in Conjurations
  7174 | D:7      | Noticed Grum
  7174 | D:7      | Reached skill level 5 in Hexes
  7185 | D:7      | Slain by Grum

Action                   |  1- 3 |  4- 6 |  7- 9 || total
-------------------------+-------+-------+-------++-------
Melee: Unarmed           |     1 |       |       ||     1
       Dagger            |    20 |       |       ||    20
       Sabre             |       |    10 |     4 ||    14
 Cast: Magic Dart        |   101 |   187 |   189 ||   477
       Conjure Flame     |       |     7 |    42 ||    49
       Freeze            |       |     5 |     1 ||     6
       Sting             |       |     6 |   163 ||   169
 Abil: Bottle Blood      |       |     1 |    15 ||    16
Evoke: Wand              |       |       |     1 ||     1
  Use: Potion            |     1 |     4 |    18 ||    23
 Stab: Invisible         |       |     1 |       ||     1
       Sleeping          |       |       |     1 ||     1
